 Dungeon Crawl Stone Soup version 0.30-a0-778-g2ef04afb54 (webtiles) character file.

Game seed: 3894966095778082803

7 sircluck the Cudgeller (level 2, -2/26 HPs)
             Began as a Meteoran Monk on Feb 15, 2023.
             Slain by a goblin
             ... wielding a +0 dagger
              (3 damage)
             ... on level 1 of the Dungeon.
             The game lasted 00:00:28 (104 turns).

sircluck the Cudgeller (Meteoran Monk)               Turns: 104, Time: 00:00:29

Health: -2/26      AC:  2    Str: 12    XL:     2   Next: 23%
Magic:  3/3        EV: 13    Int: 11    God:
Gold:   17         SH:  0    Dex: 16    Spells: 1/1 levels left

rFire   . . .      SeeInvis .    a - +0 mace
rCold   . . .      Faith    .    (no shield)
rNeg    . . .      Spirit   .    b - +0 robe
rPois   .          Reflect  .    (no helmet)
rElec   .          Harm     .    (no cloak)
rCorr   .          Rampage  .    (no gloves)
Will    .....                    (no boots)
Stlth   +                        (no amulet)
HPRegen 0.24/turn                (no ring)
MPRegen 0.08/turn                (no ring)

@: glowing
A: sense surroundings 1, otherworldly, glowing, explore regen
a: no special abilities


You were on level 1 of the Dungeon.
You visited 1 branch of the dungeon, and saw 1 of its levels.

You collected 17 gold pieces.

Inventory:

Hand Weapons
 a - a +0 mace (weapon)
Missiles
 f - 6 poisoned darts (quivered)
Armour
 b - a +0 robe (worn)
Scrolls
 d - 2 scrolls of identify {unknown}
 e - a scroll of enchant weapon {unknown}
 g - a scroll of poison {unknown}
Potions
 c - a potion of ambrosia


   Skills:
 + Level 3.4 Fighting
 + Level 4.2 Maces & Flails
 + Level 3.9 Dodging
 + Level 1.4 Stealth


You had one spell level left.
You didn't know any spells.
Your spell library was empty.

Dungeon Overview and Level Annotations

Branches:
Dungeon (1/15) Zot: 491

Altars:


Innate Abilities, Weirdness & Mutations

You passively map a small area around you.
You are easily found by Zot.
You glow in the dark.
You regain HP and MP as you explore.


Message History

You are too injured to fight recklessly!
You are too injured to fight recklessly!
You are too injured to fight recklessly!
You are too injured to fight recklessly!
You are too injured to fight recklessly!
You are too injured to fight recklessly!
You are too injured to fight recklessly!
You are too injured to fight recklessly!
You are too injured to fight recklessly!
You are too injured to fight recklessly!
You are too injured to fight recklessly!
You are too injured to fight recklessly!
You are too injured to fight recklessly!
You are too injured to fight recklessly!
You are too injured to fight recklessly!
You hit the dart slug.
The dart slug is heavily wounded.
The goblin barely misses you. The frilled lizard bites you.
The frilled lizard barely misses you. The goblin barely misses you.
You hit the dart slug.
The dart slug is severely wounded.
The dart slug bites you. The goblin hits you with a +0 dagger.
* * * LOW HITPOINT WARNING * * *
The frilled lizard closely misses you.
You hit the dart slug.
You kill the dart slug!
The goblin closely misses you. The frilled lizard bites you.
* * * LOW HITPOINT WARNING * * *
You have reached level 2!
You don't know any spells.
You hit the frilled lizard.
You kill the frilled lizard!
The goblin hits you but does no damage.
You hit the goblin but do no damage. The goblin hits you with a +0 dagger.
* * * LOW HITPOINT WARNING * * *
You barely miss the goblin. The goblin hits you but does no damage.
The goblin hits you with a +0 dagger.
* * * LOW HITPOINT WARNING * * *
You closely miss the goblin. The goblin hits you with a +0 dagger.
You die...

###..#..........## *
..............^........#
,..#......##..>#...)..#..
................#...## . ,
...................## , ,
..........)........# , ,,
................#..####.
.[....†....#..###.......
.......@..$...###.....##
......g...##........###
,..#.......##...#.#.###..
...#.###.###..##.#.....#
##......>.....##...###**
###......†........### *
#...#................. ,.
###................#####
,..#######.............).......


You could see a goblin.

Vanquished Creatures
  A dart slug (D:1)
  2 goblins (D:1)
  A quokka (D:1)
  A frilled lizard (D:1)
5 creatures vanquished.

Notes
Turn   | Place    | Note
-------+----------+-------------------------------------------
     0 | D:1      | sircluck the Meteoran Monk began the quest for the Orb.
     0 | D:1      | Reached XP level 1. HP: 19/19 MP: 2/2
   101 | D:1      | Reached XP level 2. HP: 5/26 MP: 3/3
   103 | D:1      | HP: 1/26 [goblin/+0 dagger (4)]
   104 | D:1      | Slain by a goblin

Illustrated notes

Levels and vault maps discovered:
D:1:      ncdulo_smallfort, layout_rooms

Action                     || total
---------------------------++-------
  Melee: Mace              ||    16
 Armour: Robe              ||     5
  Dodge: Dodged            ||     9

Table legend: (Time is in decaauts)
 A = Elapsed time spent in this place.
 B = Non-inter-level travel time spent in this place.
 C = Inter-level travel time spent in this place.
 D = Time resting spent in this place.
 E = Time spent auto-exploring this place.
 F = Levels seen in this place.
 G = Mean time per level.
                   A        B        C        D        E       F      G
               +--------+--------+--------+--------+--------+-----+--------+
         Total |    107 |    107 |      0 |      0 |     59 |   1 |  107.0 |
       Dungeon |    107 |    107 |      0 |      0 |     59 |   1 |  107.0 |
               +--------+--------+--------+--------+--------+-----+--------+

Top non-repeatable levels by time:
     D:1: 107 daAuts
